 Dungeon Crawl Stone Soup version 0.20.1-1-g8b1a95d (webtiles) character file.

1095 Linguinho the Magician (level 8, 0/41 HPs)
             Began as a Deep Elf Earth Elementalist on Oct 29, 2017.
             Was an Initiate of Vehumet.
             Slain by a manticore (7 damage)
             ... on level 6 of the Dungeon.
             The game lasted 00:20:40 (5451 turns).

Linguinho the Magician (DEEE)                       Turns: 5451, Time: 00:20:41

Health: 0/41       AC:  6    Str:  5    XL:     8   Next: 10%
Magic:  7/19       EV: 13    Int: 27    God:    Vehumet [......]
Gold:   306        SH:  0    Dex: 15    Spells: 11/21 levels left

rFire    . . .     SeeInvis .   H - +0 short sword
rCold    . . .     Gourm    .   (no shield)
rNeg     . . .     Faith    .   c - +0 robe
rPois    .         Spirit   .   y - +0 helmet
rElec    .         Reflect  .   (no cloak)
rCorr    .         Harm     .   G - +0 pair of gloves
MR       .....                  (no boots)
Stlth    ++........             h - amulet of regeneration (curse)
Regen    0.6/turn               f - ring of loudness (curse)
MPRegen  0.2/turn               (no ring)

@: barbed spikes
A: icy blue scales 1, clever 2, low mp 1
a: Renounce Religion


You were on level 6 of the Dungeon.
You worshipped Vehumet.
Vehumet was noncommittal.
You were not hungry.

You visited 2 branches of the dungeon, and saw 7 of its levels.

You collected 306 gold pieces.

Inventory:

Hand Weapons
 H - a +0 short sword (weapon)
Missiles
 b - 74 stones (quivered)
Armour
 c - a +0 robe (worn)
 y - a +0 helmet (worn)
 G - a +0 pair of gloves (worn)
Jewellery
 f - a cursed ring of loudness (left hand)
 h - a cursed amulet of regeneration (around neck)
Wands
 C - a wand of polymorph (7/24)
 E - a wand of flame (15/48)
 F - a wand of polymorph (14/24)
Scrolls
 a - 3 scrolls of identify
 m - a scroll of remove curse
 n - a scroll of recharging
 q - 2 scrolls of teleportation
 s - a scroll of magic mapping
 u - a scroll of blinking
 x - a scroll of amnesia
 D - a scroll of enchant weapon {unknown}
Potions
 g - 4 potions of heal wounds {unknown}
 i - 2 potions of resistance {unknown}
 j - a potion of agility {unknown}
 l - a potion of lignification {unknown}
 o - a potion of mutation {unknown}
 p - 2 potions of curing {unknown}
 r - 2 potions of haste {unknown}
 t - a potion of might {unknown}
 v - a potion of degeneration {unknown}
 w - a potion of magic {unknown}
 z - 2 potions of ambrosia {unknown}
 B - a potion of cancellation {unknown}
Books
 e - a book of Geomancy

   Spells                             Type                      Level
   a - Sandblast                      Earth                        1
   b - Passwall                       Transmutation/Earth          2
   c - Stone Arrow                    Conjuration/Earth            3
   d - Petrify                        Transmutation/Earth          4
   e - Lee's Rapid Deconstruction     Earth                        5
 I - a book of Debilitation

   Spells                             Type                      Level
   a - Corona                         Hexes                        1
   b - Slow                           Hexes                        2
   c - Inner Flame                    Hexes/Fire                   3
   d - Portal Projectile              Hexes/Translocation          3
   e - Cause Fear                     Hexes                        4
   f - Leda's Liquefaction            Hexes/Earth                  4
Comestibles
 d - 4 bread rations
 k - 3 chunks of flesh
 A - a meat ration


   Skills:
 * Level 2.2 Short Blades
 + Level 2.8 Dodging
 + Level 3.9 Stealth
 + Level 7.3 Spellcasting
 * Level 3.5 Conjurations
 * Level 4.3 Transmutations
 + Level 6.0 Earth Magic


You had 11 spell levels left.
You knew the following spells:

 Your Spells              Type           Power        Failure   Level  Hunger
a - Sandblast             Erth           #####.       1%          1    None
b - Passwall              Tmut/Erth      #####.....   1%          2    None
c - Stone Arrow           Conj/Erth      #####.       2%          3    None
d - Petrify               Tmut/Erth      #####...     7%          4    ##.....


Dungeon Overview and Level Annotations

Branches:
Dungeon (6/15)             Temple (1/1) D:4

Altars:
Cheibriados
Gozag
Hepliaklqana
Kikubaaqudgha
Makhleb
Nemelex Xobeh
Okawaru
Qazlal
Ru
Sif Muna
Uskayaw
Vehumet
Xom
Zin
The Shining One


Innate Abilities, Weirdness & Mutations

You are partially covered in icy blue scales. (AC +2)
Your mind is very acute. (Int +4)
Your magical capacity is low. (-10% MP)


Message History

Confirm with . or Enter, or press ? or * to list all spells.
Aiming: Stone Arrow
Press: ? - help, Shift-Dir - straight line, f/p - manticore
Aim: a manticore (lightly wounded)
The stone arrow hits the manticore.
The manticore is moderately wounded.
Casting: Stone Arrow
Confirm with . or Enter, or press ? or * to list all spells.
Aiming: Sandblast
Press: ? - help, Shift-Dir - straight line, f/p - manticore
Aim: a manticore (moderately wounded)
The blast of sand hits the manticore.
The manticore is moderately wounded.
b - 74 stones The manticore bites you!
* * * LOW HITPOINT WARNING * * *
The manticore claws you.
* * * LOW HITPOINT WARNING * * *
The manticore claws you!
You die...

#.#### *,* #....## *,*
#.....# *,*
*****#.....#*####*,*
**,,,*#.....##...##,*
*,,,,,#.....#.....#,*******
*,,,,,+(.8..'.....#,,,,,,,*
*,,,,,#....†#.....#*****,,,
**,,,*#...@.##...## *,,*
*****###H###*#### *,,*
*#...** *,* *,,* #.....*
*,***** *,,* #.....#
*,,,*,***,,* #.....#
*,*,∩,*,,,,, ##(/$##
*,*******,,* ##### *,* *,,*
*,* *,,,


You could see a manticore.

Vanquished Creatures
  A yak (D:6)
  A hungry ghost (D:6)
  A sky beast (D:5)
  A centaur (D:5)
  An ogre (D:6)
  A crimson imp (D:5)
  2 orc priests (D:3)
  A jelly (D:5)
  A bullfrog skeleton (D:6)
  4 orc wizards
  A worker ant (D:5)
  Terence (D:2)
  A statue (D:4)
  A hound skeleton (D:4)
  12 adders
  2 oozes
  3 worms
  3 dart slugs
  3 leopard geckos
  7 orcs
  6 giant cockroaches
  7 goblins
  7 hobgoblins
  4 jackals (D:4)
  7 kobolds
  7 quokkas
  2 ball pythons (D:3)
  6 bats
  3 frilled lizards
  7 rats
104 creatures vanquished.

Notes
Turn   | Place    | Note
-------+----------+-------------------------------------------
     0 | D:1      | Linguinho the Deep Elf Earth Elementalist began the quest for the Orb.
     0 | D:1      | Reached XP level 1. HP: 10/10 MP: 6/6
   403 | D:1      | Reached XP level 2. HP: 15/15 MP: 6/8
   407 | D:1      | Learned a level 2 spell: Passwall
   824 | D:2      | Noticed Terence
  1096 | D:2      | Reached skill level 4 in Spellcasting
  1096 | D:2      | Reached XP level 3. HP: 19/19 MP: 4/10
  1174 | D:2      | Learned a level 3 spell: Stone Arrow
  1525 | D:2      | Reached XP level 4. HP: 24/24 MP: 10/12
  1667 | D:2      | Killed Terence
  2108 | D:3      | Reached skill level 1 in Conjurations
  2108 | D:3      | Reached XP level 5. HP: 21/28 MP: 3/14
  2205 | D:3      | Reached skill level 5 in Spellcasting
  2944 | D:3      | Reached XP level 6. HP: 32/32 MP: 11/15
  3130 | D:4      | Reached skill level 5 in Earth Magic
  3193 | D:4      | Found a radiant altar of Vehumet.
  3237 | D:4      | Became a worshipper of Vehumet
  3255 | D:4      | Found a snail-covered altar of Cheibriados.
  3272 | D:4      | Found a staircase to the Ecumenical Temple.
  3700 | Temple   | Entered the Ecumenical Temple
  3941 | D:5      | Entered Level 5 of the Dungeon
  3949 | D:5      | Learned a level 4 spell: Petrify
  3982 | D:5      | Found an opulent altar of Gozag.
  4594 | D:5      | Noticed a sky beast
  4598 | D:5      | Killed a sky beast
  4598 | D:5      | Reached skill level 1 in Short Blades
  4598 | D:5      | Reached skill level 6 in Spellcasting
  4598 | D:5      | Reached XP level 7. HP: 27/36 MP: 15/18
  4604 | D:5      | Gained mutation: Your magical capacity is low. (-10% MP) [mutagenic meat]
  4605 | D:5      | Gained mutation: Your mind is acute. (Int +2) [mutagenic meat]
  4606 | D:5      | Gained mutation: You are partially covered in icy blue scales. (AC +2) [mutagenic meat]
  4608 | D:5      | Gained mutation: Your mind is very acute. (Int +4) [mutagenic meat]
  4609 | D:5      | Found a hazy altar of Hepliaklqana.
  5151 | D:6      | Noticed a hungry ghost
  5155 | D:6      | Killed a hungry ghost
  5396 | D:6      | Found a stormy altar of Qazlal.
  5436 | D:6      | Noticed a yak
  5444 | D:6      | Killed a yak
  5444 | D:6      | Reached skill level 7 in Spellcasting
  5444 | D:6      | Reached XP level 8. HP: 20/41 MP: 13/19
  5446 | D:6      | Noticed a manticore
  5451 | D:6      | Slain by a manticore

Skill      XL: |  1  2  3  4  5  6  7 |
---------------+----------------------+-----
Spellcasting   | 4 5 6 7 |  7.3
Earth Magic    | 4 5 6 |  6.0
Transmutations | 2 3 4 |  4.3
Stealth        | 3 |  3.9
Conjurations   | 1 2 3 |  3.5
Short Blades   | 1 2 |  2.2
Dodging        | |  2.8

Action                   |  1- 3 |  4- 6 |  7- 9 || total
-------------------------+-------+-------+-------++-------
Melee: Dagger            |    12 |    48 |       ||    60
       Short sword       |       |       |     1 ||     1
 Cast: Sandblast         |    37 |    40 |    23 ||   100
       Passwall          |     1 |       |       ||     1
       Stone Arrow       |     6 |    45 |     7 ||    58
  Use: Scroll            |       |       |     6 ||     6
 Stab: Sleeping          |     4 |     6 |     1 ||    11
  Eat: Chunk             |     2 |     8 |     7 ||    17
       Bread ration      |       |     1 |       ||     1
Armor: Robe              |     3 |    18 |     3 ||    24
Dodge: Dodged            |    17 |    54 |     4 ||    75
